 Dungeon Crawl Stone Soup version 0.21.1-1-g345015f (webtiles) character file.

356 letownia2 the Poker (level 6, -12/41 HPs)
             Began as a Merfolk Wizard on Mar 10, 2018.
             Killed by divine providence
             ... invoked by an orc priest
              (14 damage)
             ... on level 5 of the Dungeon.
             The game lasted 00:11:13 (1795 turns).

letownia2 the Poker (Merfolk Wizard)                Turns: 1795, Time: 00:11:13

Health: -12/41     AC:  5    Str:  9    XL:     6   Next: 63%
Magic:  7/10       EV: 12    Int: 17    God:
Gold:   181        SH:  0    Dex: 13    Spells: 2/11 levels left

rFire    . . .     SeeInvis .   j - +0 spear
rCold    . . .     Gourm    .   (no shield)
rNeg     . . .     Faith    .   u - -1 leather armour (curse)
rPois    .         Spirit   .   b - +0 hat
rElec    .         Reflect  .   i - +0 cloak
rCorr    .         Harm     .   p - +0 pair of gloves
MR       .....                  (no boots)
Stlth    ++........             (no amulet)
HPRegen  0.13/turn              m - ring of flight
MPRegen  0.12/turn              r - +1 ring of protection

@: no status effects
A: change form in water, swift swim, stealthy swim
a: Evoke Flight


You were on level 5 of the Dungeon.
You were not hungry.

You visited 1 branch of the dungeon, and saw 6 of its levels.

You collected 181 gold pieces.

Inventory:

Hand Weapons
 f - a +0 mace
 j - a +0 spear (weapon)
Missiles
 h - 5 tomahawks (quivered)
Armour
 b - a +0 hat (worn)
 g - a +0 ring mail
 i - a +0 cloak (worn)
 n - a cursed +0 ring mail
 p - a +0 pair of gloves (worn)
 u - a cursed -1 leather armour (worn)
Jewellery
 m - a ring of flight (left hand)
 r - a +1 ring of protection (right hand)
Wands
 x - a wand of paralysis (11)
 y - a wand of acid (8)
Scrolls
 a - a scroll of magic mapping {unknown}
 e - 4 scrolls of identify {unknown}
 l - 4 scrolls of amnesia {unknown}
 o - a scroll of teleportation {unknown}
 v - 2 scrolls of remove curse {unknown}
 z - a scroll of enchant armour {unknown}
 B - a scroll of immolation {unknown}
Potions
 k - a potion of flight {unknown}
 q - a potion of heal wounds {unknown}
 s - a potion of berserk rage {unknown}
 t - 2 potions of lignification {unknown}
 w - a potion of curing {unknown}
 A - a potion of brilliance {unknown}
Books
 c - a book of Minor Magic

   Spells                             Type                      Level
   a - Magic Dart                     Conjuration                  1
   b - Blink                          Translocation                2
   c - Call Imp                       Summoning                    2
   d - Slow                           Hexes                        2
   e - Conjure Flame                  Conjuration/Fire             3
   f - Mephitic Cloud                 Conjuration/Poison/Air       3
Comestibles
 d - 6 rations


   Skills:
 + Level 4.4 Polearms
 - Level 2.6 Dodging
 - Level 2.1 Stealth
 - Level 3.0 Spellcasting
 + Level 2.1 Conjurations
 - Level 2.3 Summonings
   Level 0.7 Translocations
 + Level 1.4 Fire Magic
 + Level 1.9 Air Magic
 + Level 2.5 Poison Magic


You had 2 spell levels left.
You knew the following spells:

 Your Spells              Type           Power        Failure   Level  Hunger
a - Magic Dart            Conj           #...         10%         1    None
c - Conjure Flame         Conj/Fire      #.......     34%         3    ###....
e - Mephitic Cloud        Conj/Pois/Air  ##......     30%         3    ###....
i - Call Imp              Summ           ##......     14%         2    ##.....


Dungeon Overview and Level Annotations

Branches:
Dungeon (6/15)
 Temple: D:4-7

Altars:
Gozag

Annotations:
D:4 Monsterracer's ghost, amateur GnWz
D:6 Edmund


Message History

A ball python comes into view.
Unknown command.
The orc wizard closely misses you.
Unknown command.
The orc shouts!
You hit the orc wizard.
The orc wizard is moderately wounded.
You hear a bark! x2
The orc wizard hits you but does no damage.
The jackal bites you but does no damage.
The orc priest calls down the wrath of Beogh upon you.
You barely resist.
The orc wizard hits you but does no damage.
The jackal bites you but does no damage.
You hear a shout!
You hit the orc wizard but do no damage.
The orc wizard is moderately wounded.
The orc priest mumbles some strange prayers to Beogh against you.
Beogh smites you!
You die...

.... #.######
.S..######+#......#
.............###'####
.....................
#..................
#..................
#..........###+####
#####.oo.......#
#...oo@h....#+##
#.#########.# #.# #.#
.#


You could see 2 orc priests, an orc wizard, an orc and a jackal.

Vanquished Creatures
  A centaur (D:5)
  An ogre (D:4)
  A scorpion (D:5)
  A bullfrog zombie (D:3)
  An adder (D:5)
  A shadow imp (D:5)
  An ooze (D:3)
  An adder skeleton (D:4)
  4 dart slugs
  A ball python (D:4)
  2 bats (D:1)
  2 giant cockroaches
  A goblin (D:2)
  4 hobgoblins
  2 jackals (D:5)
  A kobold (D:1)
  A quokka (D:4)
  2 frilled lizards
  2 rats
30 creatures vanquished.

Vanquished Creatures (collateral kills)
  A scorpion (D:4)
  A hound (D:5)
  2 worker ants
  2 adders
  A worm (D:2)
  A dart slug (D:2)
  An orc (D:4)
  A giant cockroach (D:2)
  A bat (D:2)
  2 goblins (D:2)
13 creatures vanquished.

Grand Total: 43 creatures vanquished

Notes
Turn   | Place    | Note
-------+----------+-------------------------------------------
     0 | D:1      | letownia2 the Merfolk Wizard began the quest for the Orb.
     0 | D:1      | Reached XP level 1. HP: 13/13 MP: 4/4
    42 | D:1      | Reached skill level 1 in Conjurations
   145 | D:1      | Reached skill level 1 in Polearms
   178 | D:1      | Reached XP level 2. HP: 9/19 MP: 0/6
   391 | D:2      | Learned a level 2 spell: Call Imp
   401 | D:2      | Reached skill level 2 in Polearms
   482 | D:2      | Reached XP level 3. HP: 15/24 MP: 2/7
   541 | D:1      | Learned a level 3 spell: Mephitic Cloud
   559 | D:2      | Found an opulent altar of Gozag.
   785 | D:3      | Reached XP level 4. HP: 20/30 MP: 0/8
   809 | D:3      | Learned a level 3 spell: Conjure Flame
   810 | D:4      | Noticed an ogre
   818 | D:4      | Killed an ogre
   818 | D:4      | Reached skill level 3 in Polearms
   818 | D:4      | Reached skill level 1 in Air Magic
   818 | D:4      | Reached skill level 1 in Poison Magic
   818 | D:4      | Reached XP level 5. HP: 28/35 MP: 1/9
   882 | D:4      | Noticed Monsterracer's ghost (amateur GnWz)
  1368 | D:4      | Reached skill level 1 in Fire Magic
  1408 | D:5      | Entered Level 5 of the Dungeon
  1425 | D:5      | Reached skill level 4 in Polearms
  1447 | D:6      | Noticed Edmund
  1453 | D:5      | Noticed a centaur
  1474 | D:5      | Killed a centaur
  1474 | D:5      | Reached XP level 6. HP: 29/41 MP: 5/10
  1792 | D:5      | HP: 2/41 [orc priest/morningstar (2)]
  1795 | D:5      | Killed from afar by an orc priest

Skill      XL: |  1  2  3  4  5 |
---------------+----------------+-----
Conjurations   | 1 2 |  2.1
Polearms       | 1 2 3 4 |  4.4
Summonings     | 2 |  2.3
Air Magic      | 1 |  1.9
Poison Magic   | 1 2 |  2.5
Fire Magic     | 1 |  1.4
Dodging        | |  2.6
Stealth        | |  2.1
Spellcasting   | |  3.0
Translocations | |  0.7

Action                   |  1- 3 |  4- 6 || total
-------------------------+-------+-------++-------
Melee: Spear             |    55 |    90 ||   145
       Mace              |     2 |       ||     2
Throw: Tomahawk          |     2 |     3 ||     5
 Cast: Magic Dart        |    34 |    25 ||    59
       Call Imp          |    10 |    13 ||    23
       Mephitic Cloud    |       |     2 ||     2
 Stab: Sleeping          |     1 |     3 ||     4
       Distracted        |     1 |     1 ||     2
       Confused          |       |     3 ||     3
  Eat: Chunk             |       |     4 ||     4
Armor: Robe              |    10 |       ||    10
       Leather armour    |    10 |    33 ||    43
Dodge: Dodged            |    54 |    54 ||   108
